 Dungeon Crawl Stone Soup version 0.30-a0-793-g160f7cfddd (webtiles) character file.

Game seed: 16039919995555708017

1523 cheesebisquit the Geomancer (level 8, -1/41 HPs)
             Began as a Gargoyle Earth Elementalist on Feb 19, 2023.
             Slain by an orc warrior
             ... wielding a +0 trident
              (8 damage)
             ... on level 6 of the Dungeon.
             The game lasted 00:20:23 (6718 turns).

cheesebisquit the Geomancer (GrEE)                  Turns: 6718, Time: 00:20:23

Health: -1/41      AC:  9    Str: 12    XL:     8   Next: 84%
Magic:  15/18      EV: 11    Int: 24    God:
Gold:   234        SH:  5    Dex: 10    Spells: 19/20 levels left

rFire   . . .      SeeInvis .    J - +2 flail
rCold   . . .      Faith    .    o - +1 buckler
rNeg    + . .      Spirit   .    a - +1 robe
rPois   ∞          Reflect  .    (no helmet)
rElec   +          Harm     .    (no cloak)
rCorr   .          Rampage  .    (no gloves)
Will    .....                    h - +0 pair of boots
Stlth   ++                       w - amulet of the acrobat
HPRegen 0.26/turn                i - +6 ring of intelligence
MPRegen 0.16/turn                (no ring)

@: no status effects
A: sickness immunity, AC +5, negative energy resistance 1, electricity
resistance, torment resistance 1, petrification resistance
a: no special abilities


You were on level 6 of the Dungeon.
You visited 1 branch of the dungeon, and saw 6 of its levels.
You also visited: Sewer.

You collected 234 gold pieces.

Inventory:

Hand Weapons
 J - a +2 flail (weapon)
Missiles
 f - 6 poisoned darts
Armour
 a - a +1 robe (worn)
 h - a +0 pair of boots (worn)
 o - a +1 buckler (worn)
Jewellery
 i - a +6 ring of intelligence (left hand)
 w - an amulet of the acrobat (around neck)
Wands
 d - a wand of digging (1)
 B - a wand of paralysis (6)
 C - a wand of roots (4)
 F - a wand of flame (20)
Scrolls
 c - a scroll of noise
 j - 3 scrolls of identify
 k - a scroll of blinking
 l - a scroll of silence {unknown}
 m - a scroll of enchant weapon
 n - a scroll of vulnerability
 p - a scroll of summoning {unknown}
 r - a scroll of fog
 s - 2 scrolls of magic mapping
 t - 5 scrolls of poison {unknown}
 y - a scroll of brand weapon {unknown}
 D - a scroll of fear
 I - a scroll of teleportation {unknown}
Potions
 b - a potion of magic
 e - 2 potions of cancellation
 q - 2 potions of resistance
 u - 3 potions of lignification
 v - 2 potions of flight {unknown}
 x - 2 potions of heal wounds
 z - 3 potions of might {unknown}
 A - a potion of haste
 E - a potion of mutation {unknown}
 G - a potion of degeneration {unknown}
 H - 2 potions of curing {unknown}


   Skills:
 - Level 1.5 Dodging
 - Level 2.1 Stealth
 - Level 4.0 Shields
 + Level 6.7 Spellcasting
 - Level 0.7 Transmutations
 + Level 9.2 Earth Magic


You had 19 spell levels left.
You knew the following spells:

 Your Spells              Type           Power      Damage    Failure   Level
a - Sandblast             Erth           100%       2d20      1%          1

Your spell library contained the following spells:

 Spells                   Type           Power      Damage    Failure   Level
 Passwall                 Tmut/Erth      26%        N/A       1%          2
 Stone Arrow              Conj/Erth      60%        3d10      4%          3
 Necrotise                Necr           32%        1d5       10%         1
 Petrify                  Tmut/Erth      32%        N/A       12%         4
 Vampiric Draining        Necr           8%         2d6       28%         3
 Blade Hands              Tmut           5%         N/A       89%         5
 Irradiate                Conj/Tmut      4%         3d13      92%         5
 Agony                    Necr           8%         N/A       95%         5
 Dragon Form              Tmut           5%         N/A       100%        7


Dungeon Overview and Level Annotations

Branches:
Dungeon (6/15)              Sewer (visited)
 Temple: D:4-7

Altars:
Cheibriados
Dithmenos
Gozag
Hepliaklqana
Kikubaaqudgha
Makhleb
Xom
Yredelemnul
Zin
The Shining One

Annotations:
D:3 2 transporters, Menkaure


Innate Abilities, Weirdness & Mutations

You are immune to sickness and miasma.
Your stone body is resilient. (AC +5)
You are immune to poison.
You resist negative energy. (rN+)
You are resistant to electric shocks. (rElec)
You are resistant to unholy torment.
You are immune to petrification.


Message History

You feel less confused.
The blast of sand hits the orc warrior.
The orc warrior is lightly wounded.
The orc warrior misses you.
The orc warrior hits you from afar with a +0 trident!
The orc wizard points at you and mumbles some strange words.
You block the puff of flame.
The blast of sand misses the orc warrior.
The orc warrior misses you.
The blast of sand hits the orc warrior.
The orc warrior is lightly wounded.
The orc wizard casts a spell at you.
You are confused.
The orc warrior misses you.
The orc warrior hits you from afar with a +0 trident.
You're too confused to cast spells.
The orc attacks as you move away! The orc hits you but does no damage.
The orc wizard hits you but does no damage.
The orc warrior completely misses you.
You bump into the rock wall.
The orc hits you but does no damage.
The orc wizard hits you but does no damage.
The orc warrior hits you from afar with a +0 trident!
The orc attacks as you move away! The orc hits you but does no damage.
The orc warrior completely misses you.
The orc wizard casts a spell.
The orc wizard flickers and vanishes!
Deactivating autopickup; reactivate with Ctrl-A.
The orc hits you but does no damage. Something hits you but does no damage.
The orc warrior hits you from afar with a +0 trident!
* * * LOW HITPOINT WARNING * * *
You feel less confused. You block the orc's attack.
The orc warrior completely misses you.
Aiming: Sandblast (safe; 1% risk of failure)
Press: ? - help, Q - select action, (/) - cycle Shift-Dir - straight line, f - orc, p - orc warrior
Aim: an orc, wielding a +0 dagger (85% to hit)
The blast of sand hits the orc!!
You kill the orc!
You block something's attack.
The orc warrior hits you from afar with a +0 trident!
You die...

+.......#
##......#
#......# ##.....#
#.>...# ###.....#
+....#### ####
####.# +#.$.#+
##@## .$.....###
#.).#
......o..####o..#
......o.##......#
.......o'..##...#
.......######...#
....... #...#
###+### #####


You could see an orc warrior.

Vanquished Creatures
  Prince Ribbit (D:5)
  2 ice beasts
  An ogre (D:4)
  A phantom (D:4)
  2 scorpions (D:4)
  5 wights (D:5)
  A jelly (D:4)
  A gnoll bouda (D:5)
  A hound (D:4)
  Ijyb (D:3)
  Natasha (thrice) (D:3)
  3 iguanas
  10 gnolls
  10 adders
  3 river rats (Sewer)
  7 worms
  A dart slug (D:5)
  2 orcs (D:6)
  4 bats
  6 endoplasms
  11 giant cockroaches
  9 goblins
  2 hobgoblins (D:4)
  4 jackals
  5 quokkas
  10 ball pythons
  8 frilled lizards
  5 kobolds
  13 rats
132 creatures vanquished.

Vanquished Creatures (others)
  A rat (D:3)
1 creature vanquished.

Grand Total: 133 creatures vanquished

Notes
Turn   | Place    | Note
-------+----------+-------------------------------------------
     0 | D:1      | cheesebisquit the Gargoyle Earth Elementalist began the
                  | quest for the Orb.
     0 | D:1      | Reached XP level 1. HP: 10/10 MP: 3/3
   339 | D:1      | Reached skill level 4 in Earth Magic
   339 | D:1      | Reached XP level 2. HP: 15/15 MP: 3/5
   858 | D:2      | Reached XP level 3. HP: 6/19 MP: 0/7
  1199 | D:2      | Reached XP level 4. HP: 19/24 MP: 0/8
  1224 | D:2      | Reached skill level 1 in Shields
  1967 | D:3      | Found a shimmering altar of Xom.
  1970 | D:3      | Reached skill level 5 in Earth Magic
  2091 | D:3      | Found a hazy altar of Hepliaklqana.
  2092 | D:3      | Found a shadowy altar of Dithmenos.
  2092 | D:3      | Noticed a shadow
  2119 | D:3      | Reached XP level 5. HP: 8/28 MP: 4/10
  2365 | D:3      | Found a transporter.
  2427 | D:3      | Noticed Ijyb
  2429 | D:3      | Paralysed by Ijyb for 3 turns
  2440 | D:3      | Killed Ijyb
  2547 | D:3      | Found a transporter.
  2550 | D:3      | Found a basalt altar of Yredelemnul.
  2552 | D:3      | Noticed Menkaure
  2558 | D:3      | Found an ancient bone altar of Kikubaaqudgha.
  2765 | D:3      | Noticed Natasha
  2767 | D:3      | Killed Natasha
  3032 | D:4      | Reached XP level 6. HP: 24/32 MP: 6/11
  3078 | D:4      | Found a burning altar of Makhleb.
  3187 | D:4      | Reached skill level 6 in Earth Magic
  3419 | D:4      | Reached XP level 7. HP: 36/36 MP: 9/13
  3467 | D:3      | Noticed Natasha
  3472 | D:3      | Killed Natasha
  3511 | D:3      | Found an ancient bone altar of Kikubaaqudgha.
  3515 | D:3      | Found a basalt altar of Yredelemnul.
  3519 | D:3      | Found a transporter.
  3650 | D:3      | Found a shimmering altar of Xom.
  3771 | D:3      | Found a transporter.
  4068 | D:3      | Noticed Natasha
  4073 | D:3      | Killed Natasha
  4156 | D:3      | Found a hazy altar of Hepliaklqana.
  4157 | D:3      | Found a shadowy altar of Dithmenos.
  4671 | D:4      | Reached skill level 7 in Earth Magic
  4726 | D:4      | Found a glowing golden altar of the Shining One.
  4897 | D:5      | Entered Level 5 of the Dungeon
  4908 | D:5      | Noticed Prince Ribbit
  4929 | D:5      | Reached skill level 5 in Spellcasting
  4961 | D:5      | Found an opulent altar of Gozag.
  4987 | D:5      | Killed Prince Ribbit
  4988 | D:5      | Reached XP level 8. HP: 41/41 MP: 12/16
  5036 | D:5      | Found a glowing silver altar of Zin.
  5052 | D:5      | Found a glowing drain.
  5063 | Sewer    | Entered a sewer
  5601 | Sewer    | Reached skill level 8 in Earth Magic
  6053 | D:5      | Found a snail-covered altar of Cheibriados.
  6396 | D:5      | Reached skill level 9 in Earth Magic
  6718 | D:6      | Slain by an orc warrior

Illustrated notes

Levels and vault maps discovered:
D:1:      dpeg_arrival_houses_and_road, layout_loops_cross
D:2:      minmay_roachtagon, layout_basic, minmay_bisected
D:3:      layout_loops_corners, riverfiend_overflow_shadow_ancestor,
          xom_confusion_cloud, gammafunk_temple_of_torment,
          minmay_misc_feat_tiny, uniq_natasha, uniq_ijyb
D:4:      layout_cave_pools, nicolae_tso_carved_into_rock,
          mainiacjoe_overflow_cross_hatched, nicolae_elevator_lobby_plus
D:5:      layout_loops_ring, pdpol_temple_overflow_zin_treasury_gozag_greed,
          slow_altar_2, cheibrodos_sewer_entry_bend, serial_park_tiny_pond,
          uniq_prince_ribbit1
D:6:      nicolae_cairo_tiling_very_big, layout_rooms, nemelex_altar_shiori,
          uniq_sigmund

Skill      XL: |  1  2  3  4  5  6  7  8 |
---------------+-------------------------+-----
Earth Magic    | 4 5 6 7 9 |  9.2
Spellcasting   | 3 4 5 6 |  6.7
Shields        | 1 2 3 4 |  4.0
Dodging        | |  1.5
Stealth        | |  2.1
Transmutations | |  0.7

Action                     |  1- 3 |  4- 6 |  7- 9 || total
---------------------------+-------+-------+-------++-------
  Melee: Mace              |    10 |     5 |       ||    15
   Cast: Sandblast         |    46 |    74 |    91 ||   211
    Use: Scroll            |       |       |    12 ||    12
 Armour: Robe              |     8 |    13 |    12 ||    33
  Dodge: Dodged            |    16 |    14 |    15 ||    45
  Block: Buckler           |       |     4 |     4 ||     8

Table legend: (Time is in decaauts)
 A = Elapsed time spent in this place.
 B = Non-inter-level travel time spent in this place.
 C = Inter-level travel time spent in this place.
 D = Time resting spent in this place.
 E = Time spent auto-exploring this place.
 F = Levels seen in this place.
 G = Mean time per level.
                   A        B        C        D        E       F      G
               +--------+--------+--------+--------+--------+-----+--------+
         Total |   6884 |   6728 |    156 |   1018 |   4632 |   7 |  983.4 |
       Dungeon |   6073 |   5917 |    156 |    721 |   4321 |   6 | 1012.2 |
         Sewer |    811 |    811 |      0 |    297 |    311 |   1 |  811.0 |
               +--------+--------+--------+--------+--------+-----+--------+

Top non-repeatable levels by time:
     D:3: 1813 daAuts
     D:4: 1196 daAuts
     D:2: 1190 daAuts
     D:5: 1013 daAuts
   Sewer: 811 daAuts
     D:1: 787 daAuts
     D:6: 72 daAuts
